 Dungeon Crawl Stone Soup version 0.30-a0-782-ge64f9170bb (webtiles) character file.

Game seed: 12911523509565571232

2233 Dirtsage the Cleaver (level 9, -8/63 HPs)
             Began as a Demonspawn Fighter on Feb 26, 2023.
             Engulfed by a steam dragon's steam (9 damage)
             ... on level 8 of the Dungeon.
             The game lasted 00:14:39 (6035 turns).

Dirtsage the Cleaver (Demonspawn Fighter)           Turns: 6035, Time: 00:14:39

Health: -8/63      AC: 12    Str: 20    XL:     9   Next: 14%
Magic:  9/9        EV: 10    Int: 10    God:
Gold:   463        SH:  5    Dex: 19    Spells: 8/8 levels left

rFire   . . .      SeeInvis .    a - +0 war axe
rCold   . . .      Faith    +    c - +0 buckler
rNeg    . . .      Spirit   .    q - +1 ring mail of the Telling Gods {Dex+6}
rPois   .          Reflect  .    r - +1 hat
rElec   .          Harm     .    y - +0 cloak
rCorr   .          Rampage  .    (no gloves)
Will    +....                    (no boots)
Stlth   +                        o - amulet of faith
HPRegen 0.30/turn                n - ring of willpower
MPRegen 0.11/turn                x - +4 ring of protection

@: mighty
A: horns 1, foul stench 1, powered by death 2
a: no special abilities


You were on level 8 of the Dungeon.
You visited 2 branches of the dungeon, and saw 9 of its levels.
You also visited: Sewer.

You collected 463 gold pieces.

Inventory:

Hand Weapons
 a - a +0 war axe (weapon)
Armour
 b - a +0 scale mail
 c - a +0 buckler (worn)
 q - the +1 ring mail of the Telling Gods (worn) {Dex+6}
   (You found it on level 3 of the Dungeon)

   Dex:       It affects your dexterity (+6).
 r - a +1 hat (worn)
 y - a +0 cloak (worn)
Magical Staves
 v - a staff of conjuration
 w - a staff of cold
 E - a staff of poison
Jewellery
 n - a ring of willpower (left hand)
 o - an amulet of faith (around neck)
 x - a +4 ring of protection (right hand)
 W - a ring of wizardry
Wands
 H - a wand of iceblast (7)
Scrolls
 g - 2 scrolls of poison {unknown}
 i - 9 scrolls of identify
 j - 2 scrolls of butterflies {unknown}
 k - a scroll of magic mapping {unknown}
 p - 3 scrolls of enchant armour
 t - a scroll of teleportation
 C - 2 scrolls of noise {unknown}
 F - a scroll of torment {unknown}
Potions
 e - a potion of lignification {unknown}
 f - 4 potions of flight {unknown}
 h - 2 potions of degeneration {unknown}
 l - a potion of ambrosia {unknown}
 m - a potion of resistance {unknown}
 s - a potion of haste {unknown}
 u - 3 potions of curing {unknown}
 z - 2 potions of cancellation {unknown}
 A - a potion of mutation {unknown}
 D - a potion of brilliance {unknown}


   Skills:
 - Level 3.0 Fighting
 + Level 11.3 Axes
 - Level 2.6 Armour
 - Level 2.6 Shields


You had 8 spell levels left.
You didn't know any spells.
Your spell library contained the following spells:

 Spells                   Type           Power      Damage    Failure   Level
 Freeze                   Ice            0%         1d3       63%         1
 Magic Dart               Conj           0%         1d3       63%         1
 Call Imp                 Summ           0%         N/A       77%         2
 Frozen Ramparts          Ice            0%         1d1       94%         3
 Hailstorm                Conj/Ice       0%         3d3       94%         3
 Mephitic Cloud           Conj/Pois/Air  0%         N/A       94%         3
 Ice Form                 Ice/Tmut       0%         N/A       100%        4
 Iskenderun's Mystic Bla  Conj/Tloc      0%         2d3       100%        4
 Summon Ice Beast         Ice/Summ       0%         N/A       100%        4
 Simulacrum               Ice/Necr       0%         N/A       100%        6
 Discord                  Hex            0%         N/A       100%        8
 Polar Vortex             Ice            0%         N/A       100%        9


Dungeon Overview and Level Annotations

Branches:
Dungeon (8/15)             Temple (1/1) D:4           Sewer (visited)
   Lair: D:8-11

Altars:
Ashenzari
Cheibriados
Dithmenos
Gozag
Kikubaaqudgha
Makhleb
Nemelex Xobeh
Okawaru
Sif Muna
Trog
Uskayaw
Wu Jian
Xom

Portals:
Bailey: D:8

Annotations:
D:4 1 runed translucent door, gengaozo's ghost, amateur TeAE


Innate Abilities, Weirdness & Mutations

You have a pair of small horns on your head.
You may rarely emit foul miasma when damaged in melee.
You regenerate health from kills.


Message History

The gnoll attacks as you move away! You block the gnoll's attack.
The steam dragon breathes steam at you.
The ball of steam hits the gnoll!
The gnoll dies!
The ball of steam hits you!
You take 16 damage, and have 37/63 hp.
MASSIVE DAMAGE!!
The steam dragon completely misses you. The steam dragon barely misses you.
You slash the steam dragon!
The steam dragon is moderately wounded.
The steam dragon breathes steam at you. The ball of steam hits you!
You hear a shout!
You take 17 damage, and have 21/63 hp.
MASSIVE DAMAGE!!
You hit the steam dragon.
The steam dragon is moderately wounded.
You are engulfed in a cloud of scalding steam.
* * * LOW HITPOINT WARNING * * *
The steam dragon barely misses you. x2
You take 6 damage, and have 15/63 hp.
You barely miss the steam dragon.
The steam dragon is moderately wounded.
You are engulfed in a cloud of scalding steam.
* * * LOW HITPOINT WARNING * * *
You block the steam dragon's attack. The steam dragon closely misses you.
You take 1 damage, and have 14/63 hp.
You barely miss the steam dragon.
The steam dragon is moderately wounded.
You are engulfed in a cloud of scalding steam.
* * * LOW HITPOINT WARNING * * *
The steam dragon closely misses you. You block the steam dragon's attack.
You take 8 damage, and have 6/63 hp.
You feel very mighty all of a sudden. The steam dragon breathes steam at you.
The ball of steam hits you.
* * * LOW HITPOINT WARNING * * *
You take 5 damage, and have 1/63 hp.
You hit the steam dragon but do no damage.
The steam dragon is moderately wounded.
You are engulfed in a cloud of scalding steam.
You die...

#).§§≈≈≈≈.
#)#.§.....
#.###o...#
#.#...#... #.#.#
.. ###...###..g
##§§Dgg{.g...
####.g########..
#....gD@.§§.....
#.....##########
#.............
#####.#####.##
#. ### #.......#
#.... ##..#####
###.#.. #..#
..#...# #..# ≈
#.##..#
######..########


You could see a steam dragon and 2 gnolls.

Vanquished Creatures
  Sigmund (D:3)
  A water moccasin (D:6)
  A sky beast (D:7)
  6 ogres
  A black bear (D:6)
  A centaur (D:6)
  A kobold brigand (D:7)
  4 bullfrogs
  2 scorpions
  2 necrophages
  A howler monkey (D:5)
  5 hounds
  2 orc priests (D:6)
  2 jellies
  2 iguanas (D:4)
  3 gnolls (D:3)
  6 adders
  3 white imps (D:5)
  An ufetubus (D:5)
  3 worms
  3 dart slugs
  10 orcs
  5 bats
  14 endoplasms
  13 giant cockroaches
  10 goblins
  7 hobgoblins
  6 jackals
  9 kobolds
  7 quokkas
  14 ball pythons
  7 frilled lizards
  5 rats
158 creatures vanquished.

Vanquished Creatures (others)
  A gnoll (D:8)
  A goblin (D:8)
  6 fungi (D:2)
8 creatures vanquished.

Grand Total: 166 creatures vanquished

Notes
Turn   | Place    | Note
-------+----------+-------------------------------------------
     0 | D:1      | Dirtsage the Demonspawn Fighter began the quest for the
                  | Orb.
     0 | D:1      | Reached XP level 1. HP: 18/18 MP: 1/1
   179 | D:1      | Reached skill level 2 in Axes
   256 | D:1      | Gained mutation: You regenerate a little health from kills.
                  | [demonic ancestry]
   256 | D:1      | Reached XP level 2. HP: 24/24 MP: 2/2
   486 | D:1      | Reached skill level 3 in Axes
   631 | D:2      | Gained mutation: You may rarely emit foul miasma when
                  | damaged in melee. [demonic ancestry]
   631 | D:2      | Reached XP level 3. HP: 19/29 MP: 3/3
   668 | D:2      | Got the Lessons on the Serac
   962 | D:2      | Found a faded altar of an unknown god.
  1082 | D:3      | Noticed Sigmund
  1205 | D:3      | Reached skill level 4 in Axes
  1205 | D:3      | Reached XP level 4. HP: 28/35 MP: 4/4
  1294 | D:3      | Identified the +1 ring mail of the Telling Gods {Dex+6}
  1376 | D:3      | Killed Sigmund
  1377 | D:3      | Reached skill level 5 in Axes
  1377 | D:3      | Reached XP level 5. HP: 14/41 MP: 5/5
  1796 | D:4      | Found a runed translucent door.
  1809 | D:4      | Noticed gengaozo's ghost (amateur TeAE)
  1813 | D:4      | Noticed an ogre
  1820 | D:4      | Killed an ogre
  1821 | D:4      | Reached skill level 6 in Axes
  1821 | D:4      | Gained mutation: You have a pair of small horns on your
                  | head. [demonic ancestry]
  1821 | D:4      | Reached XP level 6. HP: 47/47 MP: 6/6
  1883 | D:4      | Found a staircase to the Ecumenical Temple.
  1896 | Temple   | Entered the Ecumenical Temple
  1896 | Temple   | Found a transporter.
  1896 | Temple   | Found a transporter.
  1898 | Temple   | Found a transporter.
  1898 | Temple   | Found a transporter.
  2099 | D:4      | Reached skill level 7 in Axes
  2099 | D:4      | Reached XP level 7. HP: 49/52 MP: 7/7
  2727 | D:5      | Entered Level 5 of the Dungeon
  2843 | D:5      | Reached skill level 8 in Axes
  2914 | D:5      | Found a snail-covered altar of Cheibriados.
  2984 | D:5      | Got the Meditations on Beguiling and the Singularity
  3027 | D:5      | Reached XP level 8. HP: 26/58 MP: 8/8
  3159 | D:5      | Reached skill level 9 in Axes
  3952 | D:6      | Found a glowing drain.
  3961 | D:6      | Reached skill level 10 in Axes
  3962 | Sewer    | Entered a sewer
  4287 | D:6      | Found an ancient bone altar of Kikubaaqudgha.
  5005 | D:6      | Found a shimmering blue altar of Sif Muna.
  5378 | D:7      | Reached skill level 11 in Axes
  5378 | D:7      | Gained mutation: You regenerate health from kills. [demonic
                  | ancestry]
  5378 | D:7      | Reached XP level 9. HP: 42/63 MP: 9/9
  5520 | D:7      | Found a sparkling altar of Nemelex Xobeh.
  6000 | D:8      | Found a flagged portal.
  6034 | D:8      | HP: 1/63 [steam dragon/ball of steam (6)]
  6035 | D:8      | Engulfed by a steam dragon's steam

Illustrated notes

Levels and vault maps discovered:
D:1:      evilmike_arrival_crescent, layout_rooms, minmay_3d_cube
D:2:      layout_rooms, dreamdust_ecumenical_altar_hidden_monk_grotto,
          dreamdust_mushroom_princess
D:3:      layout_basic, st_stairs_6, uniq_sigmund
D:4:      layout_basic, minmay_temple_entry_slanted, ebering_ghost_sewer_d,
          kennysheep_generic_room_4
D:5:      layout_basic, mainiacjoe_overflow_catwalk, minmay_circle_x
D:6:      layout_basic, mainiacjoe_overflow_tiny_flanked, lemuel_blue_sif_altar,
          cheibrodos_sewer_entry_drain, minmay_misc_feat_secret_circle
D:7:      layout_basic, nicolae_overflow_crystal_walls, moated_statue
D:8:      layout_basic, nicolae_qazlal_style_of_elements, enter_bailey_5,
          serial_aquarium, aquarium_bridge_square [aquarium_subvault_balcony,
          aquarium_subvault_wall, aquarium_subvault_window,
          aquarium_subvault_bridge], aquarium_window_1, aquarium_window_corner,
          aquarium_window_corridor_3, aquarium_view_2d, aquarium_pool_2
Temple:   hellmonk_temple_divided_pantheon

Skill      XL: |  1  2  3  4  5  6  7  8 |
---------------+-------------------------+-----
Axes           | 2 3 4 5 6 7 8 11 | 11.3
Fighting       | |  3.0
Armour         | |  2.6
Shields        | |  2.6

Action                     |  1- 3 |  4- 6 |  7- 9 || total
---------------------------+-------+-------+-------++-------
  Melee: War axe           |   108 |    99 |   254 ||   461
         Headbutt          |       |     5 |    55 ||    60
  Evoke: Wand              |       |     4 |     2 ||     6
    Use: Potion            |       |     2 |     2 ||     4
         Scroll            |       |       |     3 ||     3
   Stab: Distracted        |       |       |     1 ||     1
 Armour: Scale mail        |    58 |     3 |       ||    61
         Ring mail         |       |    43 |   109 ||   152
  Dodge: Dodged            |    52 |    38 |   130 ||   220
  Block: Buckler           |    32 |    28 |    60 ||   120

Table legend: (Time is in decaauts)
 A = Elapsed time spent in this place.
 B = Non-inter-level travel time spent in this place.
 C = Inter-level travel time spent in this place.
 D = Time resting spent in this place.
 E = Time spent auto-exploring this place.
 F = Levels seen in this place.
 G = Mean time per level.
                   A        B        C        D        E       F      G
               +--------+--------+--------+--------+--------+-----+--------+
         Total |   6180 |   5944 |    236 |    114 |   4375 |  10 |  618.0 |
       Dungeon |   5817 |   5588 |    229 |    114 |   4259 |   8 |  727.1 |
        Temple |     45 |     38 |      7 |      0 |      0 |   1 |   45.0 |
         Sewer |    317 |    317 |      0 |      0 |    115 |   1 |  317.0 |
               +--------+--------+--------+--------+--------+-----+--------+

Top non-repeatable levels by time:
     D:6: 1317 daAuts
     D:4: 1043 daAuts
     D:5: 1006 daAuts
     D:1: 627 daAuts
     D:3: 607 daAuts
     D:7: 542 daAuts
     D:2: 477 daAuts
   Sewer: 317 daAuts
     D:8: 194 daAuts
  Temple: 45 daAuts
